 Dungeon Crawl Stone Soup version 0.21-a0-94-gdd6ab6a (webtiles) character file.

3169 nikopol the Thaumaturge (level 9, 0/47 HPs)
             Began as a Deep Elf Fire Elementalist on July 2, 2017.
             Was a Follower of Vehumet.
             Splashed by a jelly's acid (7 damage)
             ... on level 8 of the Dungeon.
             The game lasted 00:35:29 (9395 turns).

nikopol the Thaumaturge (DEFE)                      Turns: 9395, Time: 00:35:30

Health: 0/47       AC:  0    Str:  5    XL:     9   Next: 63%
Magic:  16/25      EV: 14    Int: 24    God:    Vehumet [*.....]
Gold:   266        SH:  0    Dex: 15    Spells: 16/28 levels left

rFire    . . .     SeeInvis .   e - +3 short sword
rCold    . . .     Gourm    .   (no shield)
rNeg     . . .     Faith    .   s - +1 robe {MR+}
rPois    .         Spirit   .   (no helmet)
rElec    .         Reflect  .   (no cloak)
rCorr    .         Harm     .   A - +0 pair of gloves
MR       +....                  (no boots)
Stlth    +++.......             (no amulet)
HPRegen  0.15/turn              (no ring)
MPRegen  0.19/turn              (no ring)

@: corroded
A: no striking features
a: Renounce Religion


You were on level 8 of the Dungeon.
You worshipped Vehumet.
Vehumet was aware of your devotion.
You were not hungry.

You visited 2 branches of the dungeon, and saw 9 of its levels.

You collected 266 gold pieces.

Inventory:

Hand Weapons
 e - a +3 short sword (weapon)
Armour
 s - a +1 robe of magic resistance (worn)
 A - a +0 pair of gloves (worn)
Wands
 u - a wand of paralysis (10/24)
 v - a wand of flame (28/48)
 F - a wand of confusion (23/48)
Scrolls
 d - 2 scrolls of enchant weapon {unknown}
 f - a scroll of fear {unknown}
 h - a scroll of fog {unknown}
 i - 4 scrolls of identify
 j - 4 scrolls of remove curse
 l - 2 scrolls of enchant armour {unknown}
 m - 3 scrolls of teleportation {unknown}
 p - 2 scrolls of random uselessness {unknown}
 w - 5 scrolls of magic mapping {unknown}
 y - a scroll of blinking {unknown}
 D - 3 scrolls of amnesia {unknown}
 G - a scroll of recharging {unknown}
Potions
 a - 2 potions of cancellation {unknown}
 g - a potion of haste {unknown}
 n - a potion of magic {unknown}
 o - 3 potions of lignification {unknown}
 q - 2 potions of resistance {unknown}
 r - 3 potions of curing {unknown}
 x - a potion of brilliance {unknown}
 z - 2 potions of agility {unknown}
 B - a potion of degeneration {unknown}
 C - a potion of might {unknown}
Books
 b - a book of Flames

   Spells                             Type                      Level
   a - Flame Tongue                   Conjuration/Fire             1
   b - Throw Flame                    Conjuration/Fire             2
   c - Conjure Flame                  Conjuration/Fire             3
   d - Inner Flame                    Hexes/Fire                   3
   e - Sticky Flame                   Conjuration/Fire             4
   f - Fireball                       Conjuration/Fire             5
Comestibles
 c - 5 bread rations
 k - 4 meat rations
 t - 2 chunks of flesh
 E - a royal jelly


   Skills:
 + Level 1.2 Fighting
 + Level 2.2 Short Blades
 + Level 4.2 Dodging
 + Level 4.5 Stealth
 + Level 10.4 Spellcasting
 + Level 7.8 Conjurations
 + Level 8.2 Fire Magic


You had 16 spell levels left.
You knew the following spells:

 Your Spells              Type           Power        Failure   Level  Hunger
a - Flame Tongue          Conj/Fire      #####        1%          1    None
b - Throw Flame           Conj/Fire      ######       1%          2    None
c - Conjure Flame         Conj/Fire      ######..     1%          3    None
d - Fireball              Conj/Fire      ######....   4%          5    ####...
e - Shock                 Conj/Air       ####         1%          1    None


Dungeon Overview and Level Annotations

Branches:
Dungeon (8/15)             Temple (1/1) D:5
   Lair: D:8-11

Altars:
Ashenzari
Cheibriados
Dithmenos
Elyvilon
Fedhas
Gozag
Hepliaklqana
Kikubaaqudgha
Makhleb
Okawaru
Qazlal
Ru
Sif Muna
Trog
Uskayaw
Vehumet
Wu Jian
Xom
Yredelemnul
Zin
The Shining One

Shops:
D:8 :


Message History

Confirm with . or Enter, or press ? or * to list all spells.
Aiming: Flame Tongue
Press: ? - help, Shift-Dir - straight line, f/p - jelly
Aim: a jelly (moderately wounded)
The flame tongue hits the jelly.
The jelly is almost dead.
The jelly hits you. The acid corrodes you!
You are splashed with acid!
The acid burns!
* * * LOW HITPOINT WARNING * * *
Casting: Flame Tongue
Confirm with . or Enter, or press ? or * to list all spells.
Aiming: Flame Tongue
Press: ? - help, Shift-Dir - straight line, f/p - jelly
Aim: a jelly (almost dead)
The flame tongue hits the jelly.
The jelly is almost dead.
The jelly hits you.
* * * LOW HITPOINT WARNING * * *
You are splashed with acid!
The acid burns!
You die... . ...P.P#####......####.......
P P...............##.........
P. #.P.P..# #........#....... .. #P.P.P.# #......####......
P.P

#P..P..# #.....##
##.....
...##+#P....#
##..### ##....
..P.P..PP...#
##.## ##...
...P.....J.# ##.##
##.. ...P.PPP...##
##@## ##.
...P.P.PPP.÷###J##
##
..P...PP##.....##
# .......######.##
.....?.. #...# #
......... ......#
###
....∩........##..#
###.. ... .....#
#..# ##.... ....#
#.# ##.....


You could see a jelly.

Vanquished Creatures
  The ghost of Monsterracer the Gusty, a novice TeAE of Vehumet (D:5)
  Sigmund (D:3)
  3 porcupines (D:8)
  4 ice beasts
  An orc warrior (D:7)
  A black bear (D:7)
  A necrophage (D:6)
  2 phantoms (D:7)
  2 centaurs
  3 ogres (D:6)
  2 bullfrogs (D:8)
  5 scorpions
  2 howler monkeys
  7 hounds
  3 orc priests
  4 orc wizards
  Jessica (D:2)
  Ijyb (D:3)
  A worker ant (D:5)
  2 iguanas
  2 hound skeletons
  A howler monkey skeleton (D:6)
  11 adders
  3 shadow imps
  An ooze (D:2)
  An adder zombie (D:6)
  4 worms
  10 dart slugs
  2 leopard geckos
  14 orcs
  4 giant cockroaches
  2 gnoll zombies (D:4)
  6 hobgoblins
  8 jackals
  A quokka (D:4)
  A ball python (D:2)
  6 bats
  9 frilled lizards
  4 goblins
  3 kobolds
  A leopard gecko zombie (D:6)
  A quokka skeleton (D:7)
  7 rats
  A plant (D:8)
150 creatures vanquished.

Notes
Turn   | Place    | Note
-------+----------+-------------------------------------------
     0 | D:1      | nikopol the Deep Elf Fire Elementalist began the quest for the Orb.
     0 | D:1      | Reached XP level 1. HP: 10/10 MP: 6/6
   275 | D:1      | Reached XP level 2. HP: 15/15 MP: 5/8
   299 | D:1      | Learned a level 2 spell: Throw Flame
   901 | D:2      | Found a glowing golden altar of the Shining One.
  1278 | D:2      | Reached XP level 3. HP: 19/19 MP: 6/9
  1384 | D:2      | Noticed Jessica
  1400 | D:2      | Killed Jessica
  1400 | D:2      | Reached skill level 4 in Spellcasting
  1400 | D:2      | Reached XP level 4. HP: 22/24 MP: 4/12
  1633 | D:2      | Found a shattered altar of Ashenzari.
  1638 | D:2      | Saw a vision of the Shoals and the Spider Nest.
  1638 | D:2      | Noticed a merfolk
  1638 | D:2      | Noticed a merfolk siren
  1638 | D:2      | Noticed a sea snake
  1638 | D:2      | Noticed a redback
  1638 | D:2      | Noticed a redback
  1638 | D:2      | Noticed a redback
  1638 | D:2      | Noticed a redback
  1639 | D:2      | Noticed a merfolk
  1640 | D:2      | Noticed a redback
  1641 | D:2      | Noticed a redback
  1988 | D:3      | Learned a level 3 spell: Conjure Flame
  2370 | D:3      | Found a blossoming altar of Fedhas.
  2383 | D:3      | Noticed Sigmund
  2392 | D:3      | Killed Sigmund
  2392 | D:3      | Reached skill level 5 in Fire Magic
  2392 | D:3      | Reached XP level 5. HP: 16/28 MP: 2/14
  2392 | D:3      | Reached XP level 6. HP: 18/32 MP: 2/15
  2791 | D:3      | Reached skill level 5 in Spellcasting
  2911 | D:3      | Noticed Ijyb
  2915 | D:3      | Paralysed by Ijyb for 3 turns
  2926 | D:3      | Paralysed by Ijyb for 6 turns
  2954 | D:3      | Killed Ijyb
  3314 | D:3      | Learned a level 5 spell: Fireball
  3986 | D:4      | Found a basalt altar of Yredelemnul.
  4042 | D:4      | Reached XP level 7. HP: 36/36 MP: 13/17
  4652 | D:5      | Entered Level 5 of the Dungeon
  4716 | D:5      | Noticed Monsterracer's ghost (novice TeAE)
  4857 | D:5      | Reached skill level 6 in Spellcasting
  4873 | D:5      | Found a staircase to the Ecumenical Temple.
  4918 | Temple   | Entered the Ecumenical Temple
  5438 | D:4      | HP: 1/36 [poisoned by Monsterracer's ghost]
  5875 | D:5      | Killed Monsterracer's ghost
  5875 | D:5      | Reached skill level 7 in Spellcasting
  5875 | D:5      | Reached skill level 5 in Conjurations
  5875 | D:5      | Reached XP level 8. HP: 41/42 MP: 7/20
  6392 | D:5      | Reached skill level 1 in Short Blades
  6539 | D:6      | Reached skill level 1 in Fighting
  6920 | D:6      | Found a glowing silver altar of Zin.
  6925 | D:6      | Found a radiant altar of Vehumet.
  6995 | D:6      | Became a worshipper of Vehumet
  7143 | D:6      | Reached skill level 8 in Spellcasting
  7179 | D:6      | Found a burning altar of Makhleb.
  7984 | D:7      | Reached XP level 9. HP: 42/47 MP: 11/23
  8270 | D:7      | Reached * piety under Vehumet
  8270 | D:7      | Offered knowledge of Shock by Vehumet.
  8273 | D:7      | Learned a level 1 spell: Shock
  8342 | D:7      | Reached skill level 9 in Spellcasting
  9247 | D:8      | Reached skill level 10 in Spellcasting
  9300 | D:8      | Found Zaobaeg's Book Shop.
  9395 | D:8      | Splashed by a jelly's acid

Vault maps used:
D:1:      minmay_arrival_hallway
D:2:      lemuel_crystal_altar, first_bread, grunt_ashenzari_visionary,
          uniq_jessica
D:3:      kennysheep_slugbush, fedhas_altar_2, uniq_sigmund, uniq_ijyb
D:4:      lemuel_zombie_altar_yredelemnul
D:5:      minmay_temple_entry_grid
D:6:      makhleb_blood_cavern_becter, minitemple
D:7:      cheibrodos_iron_armory
D:8:      nemelex_xobeh_ov_fountains_minmay, grunt_lair_entry_orc_guard_hut,
          serial_shops, shop, the_bakery, kennysheep_pointless_box
Temple:   regret_index_temple_generic_petals

Skill      XL: |  1  2  3  4  5  6  7  8  9 |
---------------+----------------------------+-----
Fire Magic     | 4 5 6 7 8 |  8.2
Spellcasting   | 4 5 7 8 10 | 10.4
Conjurations   | 2 3 4 5 6 7 |  7.8
Stealth        | 3 4 |  4.5
Dodging        | 3 4 |  4.2
Short Blades   | 2 |  2.2
Fighting       | 1 |  1.2

Action                   |  1- 3 |  4- 6 |  7- 9 || total
-------------------------+-------+-------+-------++-------
Melee: Short sword       |     1 |       |   152 ||   153
 Cast: Flame Tongue      |    51 |    85 |   195 ||   331
       Throw Flame       |       |    36 |    34 ||    70
       Conjure Flame     |       |     2 |     7 ||     9
       Fireball          |       |       |     4 ||     4
  Use: Scroll            |       |       |     4 ||     4
  Eat: Chunk             |     1 |     8 |    16 ||    25
       Royal jelly       |       |       |     1 ||     1
Armor: Robe              |     2 |     1 |    24 ||    27
Dodge: Dodged            |     8 |    15 |   100 ||   123
